cohdb
Replays
Latest Replays
All Replays
Popular Replays
Top Player Replays
Match Explorer
How It Works
Community
CoH3 Stats
Reddit
Sign in to upload your games and track your stats! →
Sign in with Steam
Match 27787070
Unlisted
Match 27787070
Overview
Messages
Build Orders
End
Construct Weapon Support Center
Scout Squad
Selects Special Operations Battlegroup
Selects M29 Weasel Recon Vehicle
M29 Weasel Recon Vehicle
Sniper
Construct Medical Station
Bazooka Squad
Selects Raiding Flares
Mechanized Support Center
M29 Weasel Recon Vehicle
Bazooka Squad
Designate Forward Repair Station
Construct Motor Pool
M3 Armored Personnel Carrier
Selects Mark Vehicle
M8 Greyhound Armored Car
Rapid Repairs
M8 Greyhound Armored Car
Rearm and Retrofit
Designate Forward Repair Station
Selects Mark Vehicle
Designate Forward Repair Station
Construct Barracks
Riflemen Squad
Riflemen Squad
Riflemen Squad
Improved M9 Bazooka Rockets
InDex
Hoplite25
xS1RxL3FTYx
iAinEng
猫凪紗
MeE_SaAaAaAa
475266558
GunnmB
0
0
Comments
sign in to comment!
No comments posted yet!